BR
PUEBLO PRAIRIE DOGS @ LOGAN SWANS
08/15/2026
 
TOP OF THE 1ST
Pueblo Prairie Dogs batting - Pitching for Logan Swans : LHP Homer Bryan
Pitching: LHP Homer Bryan
Batting: RHB António López 0-0: Ball
1-0: Ball
2-0: Ball
3-0: Base on Balls
Batting: RHB Manny Herrera 0-0: Ball
1-0: Ball
António López steals 2nd base
2-0: SINGLE (Groundball, 4D)
António López to third
Runner from 3rd tries for Home, SAFE, no throw or cutoff
Batting: LHB Derrek Robinson 0-0: Ball
1-0: Foul Ball, location: 2F
1-1: Ball
2-1: Called Strike
2-2: Strikes out swinging
Batting: RHB Currito Campos 0-0: Ball
1-0: Ball
2-0: Ball
3-0: Called Strike
3-1: Base on Balls
Manny Herrera to second
Batting: RHB José Zumaya 0-0: Swinging Strike
0-1: Called Strike
0-2: Hit by Pitch
Manny Herrera to third
Currito Campos to second
Batting: RHB Carlos Rodríguez 0-0: Ball
1-0: Foul Ball, location: 2F
1-1: Ball
2-1: Ball
3-1: Swinging Strike
3-2: Foul Ball, location: 2F
3-2: Foul Ball, location: 2F
3-2: Strikes out swinging
Batting: LHB William Romero 0-0: Foul Ball, location: 2F
0-1: Ball
1-1: GRAND SLAM HOME RUN (Flyball, 78XD), Distance : 422 ft
Batting: RHB Jorge Vázquez 0-0: Called Strike
0-1: Ground out 6-3 (Groundball, 6D)
Top of the 1st over - 5 run(s), 2 hit(s), 0 error(s), 0 left on base; Pueblo 5 - Logan 0
BOTTOM OF THE 1ST
Logan Swans batting - Pitching for Pueblo Prairie Dogs : LHP William Romero
Pitching: LHP William Romero
Batting: RHB Adrián Barrera 0-0: Called Strike
0-1: Swinging Strike
0-2: Strikes out swinging passed ball, reaches first!
Batting: RHB Jeremy Camanho 0-0: Called Strike
0-1: SINGLE (Line Drive, 6MD)
Adrián Barrera to second
Runner from 2nd tries for 3rd, SAFE, throw made to third
Batting: RHB Alfredo Salinas 0-0: Ball
1-0: Ball
2-0: Foul Ball, location: 2F
2-1: Foul Ball, location: 2F
2-2: Ball
3-2: Base on Balls
Jeremy Camanho to second
Batting: RHB Nick Vogel 0-0: Ball
1-0: GRAND SLAM HOME RUN (Flyball, 9LD), Distance : 365 ft
Batting: RHB Júlio Ramos 0-0: Ball
1-0: Called Strike
1-1: SINGLE (Groundball, 56D)
Batting: LHB Juan Parrot 0-0: Foul Ball, location: 2F
0-1: Ball
1-1: Ball
2-1: Swinging Strike
2-2: SINGLE (Groundball, 34D)
Júlio Ramos to second
Throwing error, E9
Júlio Ramos scores
Juan Parrot to second
Batting: LHB Homer Bryan 0-0: Swinging Strike
0-1: Ball
1-1: Swinging Strike
1-2: Strikes out swinging
Batting: RHB Domingo Cruz 0-0: Foul Ball, location: 2F
0-1: Ball
Wild Pitch!
Juan Parrot to third
1-1: Ball
2-1: Ground out 2-3 (Groundball, 13S)
Batting: SHB Bob Brock 0-0: Ball
1-0: Ball
2-0: Called Strike
2-1: Ground out U3 (Groundball, 3S)
Bottom of the 1st over - 5 run(s), 4 hit(s), 1 error(s), 1 left on base; Pueblo 5 - Logan 5
TOP OF THE 2ND
Pueblo Prairie Dogs batting - Pitching for Logan Swans : LHP Homer Bryan
Batting: LHB Salvatorio Navegero 0-0: Swinging Strike
0-1: Ball
1-1: Ball
2-1: Ground out 5-3 (Groundball, 5S)
Batting: RHB António López 0-0: Foul Ball, location: 2F
0-1: Called Strike
0-2: Foul Ball, location: 2F
0-2: Strikes out looking
Batting: RHB Manny Herrera 0-0: Ground out 5-3 (Groundball, 5S)
Top of the 2nd over - 0 run(s), 0 hit(s), 0 error(s), 0 left on base; Pueblo 5 - Logan 5
BOTTOM OF THE 2ND
Logan Swans batting - Pitching for Pueblo Prairie Dogs : LHP William Romero
Batting: RHB Adrián Barrera 0-0: Ball
1-0: Called Strike
1-1: Foul Ball, location: 2F
1-2: Ball
2-2: Ball
3-2: Base on Balls
Batting: RHB Jeremy Camanho 0-0: SINGLE (Line Drive, 5D)
Adrián Barrera to second
Batting: RHB Alfredo Salinas 0-0: Foul Ball, location: 2F
0-1: Ball
1-1: Ball
2-1: Reached on error, E4 (Groundball, 34)
Adrián Barrera to third
Jeremy Camanho to second
Batting: RHB Nick Vogel 0-0: Called Strike
0-1: Called Strike
0-2: Ball
1-2: Fly out, F8 (Popup, 4MD)
Batting: RHB Júlio Ramos 0-0: DOUBLE (Flyball, 89M)
Adrián Barrera scores
Jeremy Camanho scores
Alfredo Salinas to third
Batting: LHB Juan Parrot 0-0: Called Strike
0-1: Ground out 6-3 (Groundball, 56)
Alfredo Salinas scores
Batting: LHB Homer Bryan 0-0: Called Strike
0-1: Ball
1-1: Fly out, F2 (Popup, 25F)
Bottom of the 2nd over - 3 run(s), 2 hit(s), 1 error(s), 1 left on base; Pueblo 5 - Logan 8
TOP OF THE 3RD
Pueblo Prairie Dogs batting - Pitching for Logan Swans : LHP Homer Bryan
Batting: LHB Derrek Robinson 0-0: Ball
1-0: Ground out 4-3 (Groundball, 34)
Batting: RHB Currito Campos 0-0: Ground out 6-3 (Groundball, 56)
Batting: RHB José Zumaya 0-0: Ball
1-0: Ball
2-0: Foul Ball, location: 2F
2-1: Swinging Strike
2-2: Strikes out swinging
Top of the 3rd over - 0 run(s), 0 hit(s), 0 error(s), 0 left on base; Pueblo 5 - Logan 8
BOTTOM OF THE 3RD
Logan Swans batting - Pitching for Pueblo Prairie Dogs : LHP William Romero
Batting: RHB Domingo Cruz 0-0: DOUBLE (Line Drive, 7LM)
Batting: SHB Bob Brock 0-0: Ball
1-0: Ground out 6-3 (Groundball, 6M)
Domingo Cruz to third
Batting: RHB Adrián Barrera 0-0: Called Strike
0-1: Called Strike
0-2: Ball
Single, Error in OF, E8, batter to second base
Domingo Cruz scores
Batting: RHB Jeremy Camanho 0-0: Foul Ball, location: 2F
0-1: Ball
1-1: Swinging Strike
1-2: Ground out 6-3 (Groundball, 6M)
Adrián Barrera to third
Batting: RHB Alfredo Salinas 0-0: DOUBLE (Line Drive, 8RM)
Adrián Barrera scores
Batting: RHB Nick Vogel 0-0: Called Strike
0-1: Foul Ball, location: 2F
0-2: Ground out 5-3 (Groundball, 56S)
Bottom of the 3rd over - 2 run(s), 3 hit(s), 1 error(s), 1 left on base; Pueblo 5 - Logan 10
TOP OF THE 4TH
Pueblo Prairie Dogs batting - Pitching for Logan Swans : LHP Homer Bryan
Batting: RHB Carlos Rodríguez 0-0: Foul Ball, location: 2F
0-1: Foul Ball, location: 2F
0-2: Ball
1-2: Strikes out swinging
Batting: LHB William Romero 0-0: Swinging Strike
0-1: Foul Ball, location: 2F
0-2: Ball
1-2: Strikes out swinging
Batting: RHB Jorge Vázquez 0-0: Ball
1-0: Called Strike
1-1: Called Strike
1-2: Strikes out swinging
Top of the 4th over - 0 run(s), 0 hit(s), 0 error(s), 0 left on base; Pueblo 5 - Logan 10
BOTTOM OF THE 4TH
Logan Swans batting - Pitching for Pueblo Prairie Dogs : LHP William Romero
Batting: RHB Júlio Ramos 0-0: Called Strike
0-1: Ground out 5-3 (Groundball, 15S)
Batting: LHB Juan Parrot 0-0: Called Strike
0-1: Ball
1-1: Ball
2-1: Called Strike
2-2: SINGLE (Groundball, 3L)
Pitching: LHP Enrique Hernández
Batting: LHB Homer Bryan 0-0: Called Strike
0-1: Fielders Choice at 2nd, 4-6 (Groundball, 34)
Batting: RHB Domingo Cruz 0-0: Foul Ball, location: 2F
0-1: Foul Ball, location: 2F
0-2: Strikes out looking
Bottom of the 4th over - 0 run(s), 1 hit(s), 0 error(s), 1 left on base; Pueblo 5 - Logan 10
TOP OF THE 5TH
Pueblo Prairie Dogs batting - Pitching for Logan Swans : LHP Homer Bryan
Batting: LHB Salvatorio Navegero 0-0: Ball
1-0: Called Strike
1-1: Ball
2-1: Ground out 4-3 (Groundball, 4M)
Batting: RHB António López 0-0: Swinging Strike
0-1: Ball
1-1: SINGLE (Line Drive, 7S)
Batting: RHB Manny Herrera 0-0: Ball
António López steals 2nd base
1-0: Ball
2-0: Ball
3-0: Ground out 4-3 (Groundball, 4)
António López to third
Batting: LHB Derrek Robinson 0-0: Called Strike
0-1: Foul Ball, location: 2F
0-2: Ball
1-2: Ball
2-2: SINGLE (Groundball, 34S)
António López scores
Pitching: RHP Luis Chávez
Batting: RHB Currito Campos 0-0: Ball
Derrek Robinson steals 2nd base
1-0: DOUBLE (Line Drive, 89XD)
Derrek Robinson scores
Batting: RHB José Zumaya 0-0: Called Strike
0-1: Ball
1-1: Foul Ball, location: 2F
1-2: Fly out, F7 (Flyball, 78M)
Top of the 5th over - 2 run(s), 3 hit(s), 0 error(s), 1 left on base; Pueblo 7 - Logan 10
BOTTOM OF THE 5TH
Logan Swans batting - Pitching for Pueblo Prairie Dogs : LHP Enrique Hernández
Pitching: RHP Juliăo Edwards
Batting: SHB Bob Brock 0-0: Ball
1-0: Ball
2-0: Called Strike
2-1: Fly out, F9 (Flyball, 9M)
Pitching: RHP Nakamaro Uenohara
Batting: RHB Adrián Barrera 0-0: Ball
1-0: Called Strike
1-1: Called Strike
1-2: Foul Ball, location: 2F
1-2: Fly out, F8 (Flyball, 8RXD)
Batting: RHB Jeremy Camanho 0-0: Fly out, F3 (Popup, 3L)
Bottom of the 5th over - 0 run(s), 0 hit(s), 0 error(s), 0 left on base; Pueblo 7 - Logan 10
TOP OF THE 6TH
Pueblo Prairie Dogs batting - Pitching for Logan Swans : RHP Luis Chávez
Batting: RHB Carlos Rodríguez 0-0: Called Strike
0-1: Swinging Strike
0-2: Ball
1-2: Foul Ball, location: 2F
1-2: Strikes out swinging
Batting: LHB William Romero 0-0: Called Strike
0-1: Called Strike
0-2: Strikes out swinging
Batting: RHB Jorge Vázquez 0-0: Ball
1-0: Called Strike
1-1: Swinging Strike
1-2: Strikes out swinging
Top of the 6th over - 0 run(s), 0 hit(s), 0 error(s), 0 left on base; Pueblo 7 - Logan 10
BOTTOM OF THE 6TH
Logan Swans batting - Pitching for Pueblo Prairie Dogs : RHP Nakamaro Uenohara
Batting: RHB Alfredo Salinas 0-0: Ball
1-0: Ball
2-0: Ball
3-0: Base on Balls
Batting: RHB Nick Vogel 0-0: Foul Ball, location: 2F
0-1: Foul Ball, location: 2F
0-2: Ball
1-2: SINGLE (Line Drive, 4D)
Alfredo Salinas to second
Batting: RHB Júlio Ramos 0-0: Fly out, F8 (Flyball, 8LM)
Throwing error, E8
Alfredo Salinas scores
Nick Vogel to second
Batting: LHB Juan Parrot 0-0: Foul Ball, location: 2F
0-1: Called Strike
0-2: Ball
1-2: Foul Ball, location: 2F
1-2: Foul Ball, location: 2F
1-2: Foul Ball, location: 2F
1-2: Ground out 4-3 (Groundball, 13)
Nick Vogel to third
Batting: LHB Homer Bryan 0-0: Called Strike
0-1: Swinging Strike
0-2: Foul Ball, location: 2F
0-2: Ground out 4-3 (Groundball, 4M)
Bottom of the 6th over - 1 run(s), 1 hit(s), 1 error(s), 1 left on base; Pueblo 7 - Logan 11
TOP OF THE 7TH
Pueblo Prairie Dogs batting - Pitching for Logan Swans : RHP Luis Chávez
Batting: LHB Salvatorio Navegero 0-0: Called Strike
0-1: Swinging Strike
0-2: Strikes out swinging
Batting: RHB António López 0-0: Ball
1-0: Ball
2-0: Ball
3-0: SINGLE (Groundball, 6MD)
Batting: RHB Manny Herrera 0-0: Called Strike
António López steals 2nd base
0-1: Ball
1-1: Foul Ball, location: 2F
1-2: Strikes out swinging
Batting: LHB Derrek Robinson 0-0: Ball
1-0: Ball
2-0: Ball
3-0: Called Strike
3-1: Base on Balls
Batting: RHB Currito Campos 0-0: Called Strike
0-1: Ball
1-1: Ball
2-1: Foul Ball, location: 2F
2-2: Ball
3-2: Strikes out looking
Top of the 7th over - 0 run(s), 1 hit(s), 0 error(s), 2 left on base; Pueblo 7 - Logan 11
BOTTOM OF THE 7TH
Logan Swans batting - Pitching for Pueblo Prairie Dogs : RHP Nakamaro Uenohara
Batting: RHB Domingo Cruz 0-0: Ball
1-0: Foul Ball, location: 2F
1-1: Ball
2-1: SINGLE (Groundball, 25) (infield hit)
Batting: SHB Bob Brock 0-0: Bunted foul
0-1: Bunt missed!
0-2: Grounds into double play, 1-6-3 (Groundball, 13)
Batting: RHB Adrián Barrera 0-0: Ball
1-0: Foul Ball, location: 2F
1-1: Fly out, F7 (Flyball, 7M)
Bottom of the 7th over - 0 run(s), 1 hit(s), 0 error(s), 0 left on base; Pueblo 7 - Logan 11
TOP OF THE 8TH
Pueblo Prairie Dogs batting - Pitching for Logan Swans : RHP Luis Chávez
Pitching: RHP Salvador Morán
Batting: RHB José Zumaya 0-0: Called Strike
0-1: Ball
1-1: Ball
2-1: Ball
3-1: Foul Ball, location: 2F
3-2: Strikes out swinging
Batting: RHB Carlos Rodríguez 0-0: Called Strike
0-1: Swinging Strike
0-2: Strikes out swinging
Batting: LHB William Romero 0-0: Ball
1-0: SINGLE (Groundball, 34D)
Batting: RHB Jorge Vázquez 0-0: DOUBLE (Line Drive, 5D)
William Romero to third
Batting: LHB Salvatorio Navegero 0-0: Ball
1-0: Called Strike
1-1: Fly out, F8 (Flyball, 78M)
Top of the 8th over - 0 run(s), 2 hit(s), 0 error(s), 2 left on base; Pueblo 7 - Logan 11
BOTTOM OF THE 8TH
Logan Swans batting - Pitching for Pueblo Prairie Dogs : RHP Nakamaro Uenohara
Batting: RHB Jeremy Camanho 0-0: Called Strike
0-1: Ball
1-1: SOLO HOME RUN (Line Drive, 7D), Distance : 407 ft
Batting: RHB Alfredo Salinas 0-0: Called Strike
0-1: Ball
1-1: Ball
2-1: Foul Ball, location: 2F
2-2: SINGLE (Flyball, 78S)
Batting: RHB Nick Vogel 0-0: Ball
1-0: Ball
2-0: Fly out, F9 (Flyball, 89M)
Batting: RHB Júlio Ramos 0-0: Ball
1-0: Ball
2-0: Called Strike
2-1: Foul Ball, location: 2F
2-2: Ball
3-2: Fly out, F8 (Line Drive, 8RM)
Batting: LHB Juan Parrot 0-0: Ball
1-0: Foul Ball, location: 2F
1-1: Ball
2-1: Ball
Passed Ball!
Alfredo Salinas to second
3-1: Called Strike
3-2: SINGLE (Groundball, 4MD)
Alfredo Salinas to third
Alfredo Salinas scores
Batting: LHB Homer Bryan 0-0: SINGLE (Groundball, 34)
Juan Parrot to second
Runner from 2nd tries for 3rd, SAFE, throw made to third
Batting: RHB Domingo Cruz 0-0: Called Strike
0-1: Ball
1-1: Foul Ball, location: 2F
1-2: Ball
2-2: Fly out, F1 (Flyball, 15)
Bottom of the 8th over - 2 run(s), 4 hit(s), 0 error(s), 2 left on base; Pueblo 7 - Logan 13
TOP OF THE 9TH
Pueblo Prairie Dogs batting - Pitching for Logan Swans : RHP Salvador Morán
Batting: RHB António López 0-0: Called Strike
0-1: Ball
1-1: Ball
2-1: Called Strike
2-2: Ground out 5-3 (Groundball, 5)
Batting: RHB Manny Herrera 0-0: Foul Ball, location: 2F
0-1: Ball
1-1: Ball
2-1: Foul Ball, location: 2F
2-2: Strikes out swinging
Batting: LHB Derrek Robinson 0-0: Foul Ball, location: 2F
0-1: Foul Ball, location: 2F
0-2: Strikes out swinging
Top of the 9th over - 0 run(s), 0 hit(s), 0 error(s), 0 left on base; Pueblo 7 - Logan 13
Monday, December 5th, 2016 - OOTP Baseball 17.12 Build 75